 Dungeon Crawl Stone Soup version 0.25.0-1-g7eea58d2a3 (webtiles) character file.

Game seed: 535619977270909258

102 Middernacht the Ruffian (level 4, 0/44 HPs)
             Began as a Troll Berserker on June 13, 2020.
             Was a Believer of Trog.
             Slain by Crazy Yiuf
             ... wielding a +3 quarterstaff of chaos
              (6 damage)
             ... while paralysed by Crazy Yiuf
             ... on level 2 of the Dungeon.
             The game lasted 00:04:31 (1415 turns).

Middernacht the Ruffian (Troll Berserker)           Turns: 1415, Time: 00:04:31

Health: 0/44       AC:  6    Str: 26    XL:     4   Next: 49%
Magic:  3/3        EV:  1    Int:  3    God:    Trog [**....]
Gold:   138        SH:  0    Dex:  9    Spells: 3/3 levels left

rFire    . . .     SeeInvis .     - Unarmed
rCold    . . .     Gourm    +   (no shield)
rNeg     . . .     Faith    .   a - +0 animal skin
rPois    .         Spirit   .   (helmet restricted)
rElec    .         Reflect  .   (no cloak)
rCorr    .         Harm     .   (gloves unavailable)
MR       ++...                  (boots unavailable)
Stlth    +.........             (no amulet)
HPRegen  1.54/turn              (no ring)
MPRegen  0.08/turn              (no ring)

@: paralysed, agile, berserk cooldown, regenerating, slowed, lightly drained
A: large, unfitting armour, claws 3, fast metabolism 3, gourmand, regeneration
1, shaggy fur 1, tough skin 3
a: Berserk, Trog's Hand, Renounce Religion


You were on level 2 of the Dungeon.
You worshipped Trog.
Trog was pleased with you.
You were very full.

You visited 1 branch of the dungeon, and saw 2 of its levels.

You collected 138 gold pieces.

Inventory:

Armour
 a - a +0 animal skin (worn)
Jewellery
 f - an uncursed ring of flight {unknown}
Scrolls
 c - a scroll of enchant weapon {unknown}
 d - a scroll of remove curse {unknown}
 e - 3 scrolls of identify {unknown}
 g - a scroll of immolation {unknown}
 i - a scroll of teleportation {unknown}
Potions
 j - a potion of curing {unknown}
Comestibles
 b - 3 rations
 h - 2 chunks of flesh


   Skills:
 + Level 2.9(2.6) Fighting
 + Level 3.3(2.9) Dodging
 + Level 4.1(3.7) Unarmed Combat


You had 3 spell levels left.
You didn't know any spells.
Your spell library was empty.

Dungeon Overview and Level Annotations

Branches:
Dungeon (2/15)

Altars:

Annotations:
D:2 Crazy Yiuf


Innate Abilities, Weirdness & Mutations

You are too large for most types of armour.
You have claws for hands.
Your metabolism is lightning-fast.
You like to eat raw meat.
Your natural rate of healing is unusually fast.
You are covered in fur. (AC +1)
You have extremely tough skin. (AC +3)


Message History

You feel resistant to hostile enchantments.
You feel somewhat less full. Crazy Yiuf misses you.
You scratch Crazy Yiuf.
Crazy Yiuf is moderately wounded.
Crazy Yiuf closely misses you.
You barely miss Crazy Yiuf.
Crazy Yiuf is moderately wounded.
Crazy Yiuf misses you.
Crazy Yiuf grits, "Goober infinity Xom!"
Crazy Yiuf misses you.
You claw Crazy Yiuf!
Crazy Yiuf is severely wounded.
Crazy Yiuf hits you with a +3 quarterstaff of chaos!
You suddenly lose the ability to move!
Crazy Yiuf hits you with a +3 quarterstaff of chaos!
* * * LOW HITPOINT WARNING * * *
You feel drained.
* * * LOW HITPOINT WARNING * * *
Crazy Yiuf hits you with a +3 quarterstaff of chaos.
You die...

.. .# .# .## ..#
###♣♣♣♣♣
..#####..P.♣.♣♣♣ ####
.........P..♣..♣#...#
..###......♣♣♣♣.@g..#
.## ##...P♣♣ ♣♣#..)#
.# ####♣♣ #### .# .#
.. ###


You could see Crazy Yiuf.

Vanquished Creatures
  Robin (D:2)
  A gnoll (D:1)
  An adder (D:2)
  2 dart slugs (D:1)
  3 leopard geckos (D:1)
  3 giant cockroaches
  10 goblins
  11 hobgoblins
  9 jackals
  6 kobolds
  A bat (D:1)
  3 frilled lizards
  7 rats
58 creatures vanquished.

Notes
Turn   | Place    | Note
-------+----------+-------------------------------------------
     0 | D:1      | Middernacht the Troll Berserker began the quest for the
                  | Orb.
     0 | D:1      | Reached XP level 1. HP: 22/22 MP: 0/0
   104 | D:1      | Reached XP level 2. HP: 25/29 MP: 1/1
   483 | D:1      | Reached XP level 3. HP: 32/36 MP: 2/2
   547 | D:1      | Reached ** piety under Trog
   990 | D:2      | Noticed Robin
  1006 | D:2      | Reached XP level 4. HP: 44/44 MP: 3/3
  1019 | D:2      | Killed Robin
  1143 | D:2      | Reached skill level 4 in Unarmed Combat
  1379 | D:2      | Found a faded altar of an unknown god.
  1397 | D:2      | Found a runed translucent door.
  1398 | D:2      | Noticed Crazy Yiuf
  1403 | D:2      | Paralysed by Crazy Yiuf for 5 turns
  1413 | D:2      | Paralysed by Crazy Yiuf for 5 turns
  1415 | D:2      | Slain by Crazy Yiuf

Illustrated notes

Levels and vault maps discovered:
D:1:      evilmike_arrival_hilbert_curve, layout_loops_ring, minmay_cupped
D:2:      layout_loops_corners, chequers_ecumenical_altar_simple,
          uniq_crazy_yiuf_cottage, uniq_robin

Skill      XL: |  1  2  3  4 |
---------------+-------------+-----
Dodging        | 3 |  3.3
Unarmed Combat | 4 |  4.1
Fighting       | |  2.9

Action                   |  1- 3 |  4- 6 || total
-------------------------+-------+-------++-------
Melee: Unarmed           |   114 |    41 ||   155
Invok: Berserk           |       |     1 ||     1
       Trog's Hand       |       |     1 ||     1
  Eat: Chunk             |    15 |     3 ||    18
Armor: Animal skin       |    39 |    17 ||    56
Dodge: Dodged            |    57 |    20 ||    77
